 Dungeon Crawl Stone Soup version 0.31.0-11-ge490571c62 (webtiles) character file.

Game seed: 16756576759595654104

305 qw the Shooter (level 6, 0/30 HPs)
             Began as a Spriggan Hunter on Feb 4, 2024.
             Incinerated by a bombardier beetle (4 damage)
             ... with a burning spray
             ... on level 4 of the Dungeon.
             The game lasted 00:00:09 (2421 turns).

qw the Shooter (Spriggan Hunter)                    Turns: 2421, Time: 00:00:10

Health: 0/30       AC:  2    Str: 13    XL:     6   Next: 16%
Magic:  7/7        EV: 21    Int: 11    God:
Gold:   143        SH:  0    Dex: 20    Spells: 5/5 levels left

rFire   . . .        a - +1 shortbow
rCold   . . .        (shield currently unavailable)
rNeg    . . .        c - +0 robe
rPois   .            (helmet restricted)
rElec   .            (no cloak)
rCorr   .            (gloves unavailable)
SInv    +            (boots unavailable)
Will    +....        (no amulet)
Stlth   +            k - +6 ring of strength
HPRegen 0.25/turn    (no ring)
MPRegen 0.10/turn

%: no passive effects
@: on fire, glowing, very quick
A: very small, no large weapons, unfitting armour, see invisible, speed 3
a: no special abilities


You were on level 4 of the Dungeon.
You visited 1 branch of the dungeon, and saw 4 of its levels.

You collected 143 gold pieces.


Innate Abilities, Weirdness & Mutations

You are very small and have problems with some larger weapons.
You are too small for most types of armour.
You have supernaturally acute eyesight. (SInv)
You cover ground extremely quickly. (Speed+++)


   Skills:
 - Level 2.0 Fighting
 - Level 6.1 Ranged Weapons
 + Level 5.7 Dodging
 - Level 1.5 Stealth


You had 5 spell levels left.
You didn't know any spells.
Your spell library was empty.

Inventory:

Hand Weapons
 a - a +1 shortbow (weapon)
Armour
 c - a +0 robe (worn)
Jewellery
 k - a +6 ring of strength (left hand)
Wands
 m - a wand of flame (4)
Potions
 b - a potion of haste
 d - a potion of enlightenment
 e - 3 potions of heal wounds
 f - a potion of might
 h - a potion of degeneration {unknown}
 i - a potion of mutation {unknown}
 l - a potion of experience {unknown}

Dungeon Overview and Level Annotations

Branches:
Dungeon (4/15)
 Temple: D:4-7

Altars:


Message History

You start resting.
HP restored.
A bombardier beetle comes into view.
You shoot an arrow.
The arrow hits the bombardier beetle but does no damage.
You shoot an arrow.
The arrow hits the bombardier beetle but does no damage.
You shoot an arrow. The arrow hits the bombardier beetle.
The bombardier beetle is moderately wounded.
You shoot an arrow. The arrow hits the bombardier beetle.
The bombardier beetle is heavily wounded.
You shoot an arrow. The arrow hits the bombardier beetle.
The bombardier beetle is severely wounded.
You shoot an arrow.
The arrow barely misses the bombardier beetle.
You shoot an arrow.
The arrow hits the bombardier beetle but does no damage.
The bombardier beetle is severely wounded.
The bombardier beetle sprays incendiary fluid at you.
The burning spray hits you.
You are covered in liquid fire!
You shoot an arrow.
The arrow barely misses the bombardier beetle.
The liquid fire burns you!
You shoot an arrow.
The arrow barely misses the bombardier beetle.
The liquid fire burns you! The bombardier beetle bites you.
You shoot an arrow. The arrow hits the bombardier beetle.
The bombardier beetle is severely wounded.
The liquid fire burns you!
The bombardier beetle completely misses you.
You shoot an arrow. The arrow hits the bombardier beetle.
You kill the bombardier beetle!
The liquid fire burns you!
You are on fire!
The liquid fire burns you!
You are on fire!
The liquid fire burns you!
You die...

.# #.# .. .. .# .# #####.#
#####...@.# ...
###.....########## ...
###...##)....#.....## ..#
#...###<............## #o.
##...#...............######..
###.................#.....>.
##..................# #.#
##...............### #.#
#...............######%#


There were no monsters in sight!

Vanquished Creatures
  A scorpion (D:4)
  A bombardier beetle (D:4)
  A jelly (D:4)
  A hound (D:4)
  Terence (D:2)
  2 adders
  3 gnolls (D:3)
  A dart slug (D:2)
  An orc (D:4)
  10 bats
  6 endoplasms
  A giant cockroach (D:3)
  5 hobgoblins
  6 jackals
  5 kobolds
  3 quokkas
  11 ball pythons
  6 frilled lizards
  10 goblins
  4 rats
79 creatures vanquished.

Notes
Turn   | Place    | Note
-------+----------+-------------------------------------------
     0 | D:1      | qw the Spriggan Hunter began the quest for the Orb.
     0 | D:1      | Reached XP level 1. HP: 10/10 MP: 2/2
     0 | D:1      | 0 ||| qw: Version: 0.3-a-160-g6735b56
     0 | D:1      | 0 ||| qw: Game counter: 4448
     0 | D:1      | 0 ||| qw: Melee chars always use a shield: true
     0 | D:1      | 0 ||| qw: God list: Okawaru
     0 | D:1      | 0 ||| qw: Allow faded altars: false
     0 | D:1      | 0 ||| qw: Do Orc after clearing Dungeon:15 true
     0 | D:1      | 0 ||| qw: Do second Lair branch before Depths: true
     0 | D:1      | 0 ||| qw: Lair rune preference: random
     0 | D:1      | 0 ||| qw: Goals: Normal
     0 | D:1      | 0 ||| PLANNING D:1-11
    29 | D:1      | Reached skill level 3 in Dodging
   112 | D:1      | Reached XP level 2. HP: 14/14 MP: 3/3
   120 | D:1      | Found a faded altar of an unknown god.
   350 | D:1      | Reached XP level 3. HP: 17/18 MP: 4/4
   522 | D:1      | 522 ||| READING scroll labelled KAPISENNUH.
   523 | D:1      | 523 ||| READING scroll labelled ETERESAGRI.
   624 | D:1      | 624 ||| READING scroll labelled IXZOAN LUE.
   625 | D:1      | 625 ||| READING scroll labelled CIYTEOL MYVIN.
   625 | D:1      | 625 ||| ENCHANTING +0 shortbow.
   626 | D:1      | 626 ||| DROPPING scroll of butterflies.
   905 | D:2      | Reached skill level 5 in Ranged Weapons
  1082 | D:2      | Reached XP level 4. HP: 22/22 MP: 5/5
  1084 | D:2      | Noticed Terence
  1101 | D:2      | Killed Terence
  1372 | D:2      | 1372 ||| DROPPING +6 ring of intelligence.
  1373 | D:2      | 1373 ||| READING scroll labelled VAUBOG SALATICW.
  1374 | D:2      | 1374 ||| READING scroll labelled ORANOMP USUMI.
  1374 | D:2      | 1374 ||| IDENTIFYING clear potion
  1375 | D:2      | 1375 ||| DRINKING 2 amethyst potions.
  1376 | D:2      | 1376 ||| DRINKING 2 white potions.
  1377 | D:2      | 1377 ||| DRINKING 2 puce potions.
  1378 | D:2      | 1378 ||| DROPPING potion of attraction.
  1495 | D:3      | 1495 ||| FLEEEEING.
  1496 | D:3      | 1496 ||| FLEEEEING.
  1572 | D:3      | Reached XP level 5. HP: 26/26 MP: 6/6
  2214 | D:3      | 2214 ||| READING scroll of identify.
  2214 | D:3      | 2214 ||| IDENTIFYING orange potion
  2307 | D:4      | Reached skill level 6 in Ranged Weapons
  2316 | D:4      | Reached XP level 6. HP: 14/30 MP: 7/7
  2323 | D:4      | 2323 ||| FLEEEEING.
  2324 | D:4      | 2324 ||| FLEEEEING.
  2325 | D:4      | 2325 ||| FLEEEEING.
  2326 | D:4      | 2326 ||| FLEEEEING.
  2332 | D:4      | 2332 ||| FLEEEEING.
  2334 | D:4      | 2334 ||| FLEEEEING.
  2335 | D:4      | 2335 ||| FLEEEEING.
  2336 | D:4      | 2336 ||| FLEEEEING.
  2337 | D:4      | 2337 ||| FLEEEEING.
  2338 | D:4      | 2338 ||| FLEEEEING.
  2340 | D:4      | 2340 ||| FLEEEEING.
  2341 | D:4      | 2341 ||| FLEEEEING.
  2342 | D:4      | 2342 ||| FLEEEEING.
  2343 | D:4      | 2343 ||| FLEEEEING.
  2344 | D:4      | 2344 ||| FLEEEEING.
  2345 | D:4      | 2345 ||| FLEEEEING.
  2346 | D:4      | 2346 ||| FLEEEEING.
  2347 | D:4      | 2347 ||| FLEEEEING.
  2348 | D:4      | 2348 ||| FLEEEEING.
  2349 | D:4      | 2349 ||| FLEEEEING.
  2350 | D:4      | 2350 ||| FLEEEEING.
  2351 | D:4      | 2351 ||| FLEEEEING.
  2352 | D:4      | 2352 ||| STAIRDANCE
  2387 | D:3      | 2387 ||| UPGRADING to +6 ring of strength.
  2388 | D:3      | 2388 ||| READING scroll of identify.
  2388 | D:3      | 2388 ||| IDENTIFYING lumpy brown potion
  2389 | D:3      | 2389 ||| DROPPING potion of ambrosia.
  2420 | D:4      | HP: 4/30 [burnt (5)]
  2421 | D:4      | Incinerated by a bombardier beetle

Levels and vault maps discovered:
D:1:      minmay_arrival_semitransparent, layout_rooms,
          chequers_ecumenical_altar_island, serial_park_tiny_pond
D:2:      layout_loops_ring, kennysheep_generic_room_4, uniq_terence
D:3:      layout_loops_corners, grunt_decor_mini_mirrors
D:4:      layout_rooms, mainiacjoe_overflow_catwalk, minmay_misc_feat_tower,
          uniq_menkaure

Skill      XL: |  1  2  3  4  5 |
---------------+----------------+-----
Dodging        | 3 4 5 |  5.7
Ranged Weapons | 5 6 |  6.1
Fighting       | 2 |  2.0
Stealth        | |  1.5

Action                     |  1- 3 |  4- 6 || total
---------------------------+-------+-------++-------
   Fire: Shortbow          |   117 |   103 ||   220
    Use: Scroll            |     4 |     4 ||     8
         Potion            |       |     3 ||     3
 Armour: Robe              |    10 |    26 ||    36
  Dodge: Dodged            |    30 |    40 ||    70

Table legend:
 A = Non-vault XP
 B = Vault XP
 C = Vault XP percentage of total XP
 D = Non-vault monster count
 E = Vault monster count
 F = Vault count percentage of total count
                 A         B        C        D         E       F
            +---------+---------+-------+---------+---------+-------
      Total |     399 |      38 |   8.7 |      76 |       3 |   3.8
            +---------+---------+-------+---------+---------+-------
        D:1 |      50 |       0 |   0.0 |      29 |       0 |   0.0
        D:2 |      51 |      38 |  42.7 |      24 |       3 |  11.1
        D:3 |      73 |       0 |   0.0 |      15 |       0 |   0.0
        D:4 |     225 |       0 |   0.0 |       8 |       0 |   0.0
            +---------+---------+-------+---------+---------+-------
